 Dungeon Crawl Stone Soup version 0.26-a0-849-gf1512cd430 (webtiles) character file.

Game seed: 10741423396215720530

68253 OrDronus the Frost Mage (level 15, 0/140 HPs)
             Began as an Ogre Ice Elementalist on Nov 19, 2020.
             Was a High Priest of Hepliaklqana.
             Slain by a sixfirhy (11 damage)
             ... summoned by a shadow demon
             ... on level 3 of the Abyss on Nov 20, 2020.
             The game lasted 03:32:58 (30971 turns).

OrDronus the Frost Mage (Ogre Ice Elementalist)    Turns: 30971, Time: 03:32:59

Health: 0/140      AC: 10    Str: 17    XL:     15   Next: 25%
Magic:  4/28       EV: 12    Int: 24    God:    Hepliaklqana [*****.]
Gold:   1936       SH: 12    Dex:  9    Spells: 7/32 levels left

rFire    + + .     SeeInvis .   z - +1 morningstar (protect)
rCold    + . .     Faith    +   R - +2 kite shield {AC+3}
rNeg     . . .     Spirit   .   F - +0 acid dragon scales
rPois    .         Reflect  .   (helmet restricted)
rElec    .         Harm     .   y - scarf {rC+ rF+}
rCorr    +         Rampage  .   (gloves unavailable)
MR       +....                  (boots unavailable)
Stlth    ++........             S - amulet "Suonev" {Faith Int+4}
HPRegen  0.33/turn              I - ring of Beauty {rF+ Stlth+}
MPRegen  0.21/turn              W - ring of wizardry

@: about to teleport, frozen ramparts, lightly drained
A: large, unfitting armour, reduced essence, tough skin 1
a: Recall Ancestor, Ancestor Identity, Transference, Idealise, Renounce Religion


You were on level 3 of the Abyss.
You worshipped Hepliaklqana.
Hepliaklqana was extremely pleased with you.
You visited 4 branches of the dungeon, and saw 22 of its levels.
You visited the Abyss 1 time.
You also visited: Sewer and Gauntlet.

You collected 1936 gold pieces.

Inventory:

Hand Weapons
 w - the +5 glaive "Jellyslayer" {distort, *Drain rElec MR- Str+5}
   (You found it on level 6 of the Lair of Beasts)

   It warps and distorts space around it.
   Unwielding it can cause banishment or high damage.
   It affects your strength (+5).
   It insulates you from electricity.
   It affects your resistance to hostile enchantments.
   It causes draining when unequipped.
 z - a +1 morningstar of protection (weapon)
 E - a +1 flail of holy wrath
 T - the cursed +0 hand axe of Plog {freeze, MR+ SInv}
   (You took it off a minotaur in a Gauntlet)

   It has been specially enchanted to freeze those struck by it, causing extra
   injury to most foes and up to half again as much damage against particularly
   susceptible opponents.
   It can also slow down cold-blooded creatures.
   It affects your resistance to hostile enchantments.
   It lets you see invisible.
   It has a curse placed upon it.
 Y - a +1 vorpal hand axe
Armour
 o - the +0 robe of Apathy {rF+ Str+2}
   (You found it on level 9 of the Dungeon)

   It affects your strength (+2).
   It protects you from fire.
 y - a scarf of resistance (worn)
 F - +0 acid dragon scales (worn)
 R - a +2 kite shield of protection (worn)
Magical Staves
 M - an uncursed staff of death
Jewellery
 c - an uncursed ring of poison resistance
 h - an uncursed ring of poison resistance
 I - the ring of Beauty (left hand) {rF+ Stlth+}
   (You found it in a Gauntlet)

   [ring of stealth]

   It protects you from fire.
   It makes you more stealthy.
 O - a +4 ring of evasion
 P - a +6 ring of dexterity
 S - the amulet "Suonev" (around neck) {Faith Int+4}
   (You found it in a Gauntlet)

   [amulet of faith]

   It allows you to gain divine favour quickly.
   It affects your intelligence (+4).
 W - a ring of wizardry (right hand)
 Z - an uncursed ring of protection from cold
Wands
 B - a wand of paralysis (15)
 D - a wand of disintegration (14)
 N - a wand of acid (19)
 Q - a wand of random effects (20)
Scrolls
 a - a scroll of vulnerability
 d - 4 scrolls of enchant armour
 f - 13 scrolls of identify
 k - 6 scrolls of enchant weapon
 l - 9 scrolls of remove curse
 q - 3 scrolls of amnesia
 r - 3 scrolls of blinking
 u - 10 scrolls of teleportation
 v - 7 scrolls of fog
 A - 2 scrolls of fear
 G - 4 scrolls of magic mapping
 J - a scroll of acquirement {unknown}
 K - a scroll of noise
 U - a scroll of holy word {unknown}
Potions
 b - 4 potions of magic
 e - 4 potions of curing
 g - 4 potions of flight
 i - a potion of heal wounds
 j - 2 potions of might
 m - 3 potions of haste
 p - 3 potions of attraction
 s - 3 potions of resistance
 t - 6 potions of brilliance
 C - 2 potions of mutation
 H - a potion of ambrosia
 V - a potion of berserk rage {unknown}
 X - a potion of invisibility {unknown}
Miscellaneous
 x - a tin of tremorstones (2/2)
 L - a lightning rod (4/4)


   Skills:
 + Level 11.7(11.6) Fighting
 + Level 9.5(9.3) Maces & Flails
 - Level 1.1(1.0) Armour
 + Level 8.5(8.3) Dodging
 - Level 1.4(1.3) Stealth
 + Level 8.9(8.7) Shields
 + Level 9.2(9.1) Spellcasting
 - Level 8.4(8.3) Conjurations
 * Level 3.4(3.3) Summonings
 + Level 12.2(12.1) Ice Magic
 + Level 6.3(6.2) Invocations


You had 7 spell levels left.
You knew the following spells:

 Your Spells              Type           Power        Failure   Level
a - Freeze                Ice            ####         1%          1
b - Frozen Ramparts       Ice            ######       1%          3
c - Ozocubu's Armour      Ice            ######..     1%          3
d - Hailstorm             Conj/Ice       ######..     1%          4
e - Conjure Flame         Conj/Fire      ####....     1%          3
f - Foxfire               Conj/Fire      ####         1%          1
g - Summon Ice Beast      Ice/Summ       #####...     1%          4
h - Freezing Cloud        Conj/Ice/Air   #####.....   28%         6

Your spell library contained the following spells:

 Spells                   Type           Power        Failure   Level
 Apportation              Tloc           ##....       3%          1
 Mephitic Cloud           Conj/Pois/Air  ###.....     3%          3
 Poisonous Vapours        Pois/Air       ##....       4%          2
 Sticky Flame             Conj/Fire      ####....     6%          4
 Inner Flame              Hex/Fire       ##......     10%         3
 Lesser Beckoning         Tloc           ##........   10%         3
 Tukima's Dance           Hex            ##......     10%         3
 Fireball                 Conj/Fire      ####......   16%         5
 Alistair's Intoxication  Tmut/Pois      ##.......    63%         5
 Invisibility             Hex            ##......     99%         6


Dungeon Overview and Level Annotations

Branches:
Dungeon (14/15)            Temple (1/1) D:6            Lair (6/6) D:11
 Spider (0/4) Lair:2          Orc (1/2) D:9          Vaults (0/5) D:13
  Sewer (visited)         Gauntlet (visited)
  Swamp: Lair:2-4    Shoals: Lair:2-4     Slime: Lair:5-6

Altars:
Ashenzari
Cheibriados
Dithmenos
Elyvilon
Fedhas
Gozag
Hepliaklqana
Kikubaaqudgha
Makhleb
Nemelex Xobeh
Okawaru
Qazlal
Ru
Sif Muna
Trog
Uskayaw
Vehumet
Wu Jian
Xom
Yredelemnul
Zin
The Shining One
Beogh

Shops:
D:5 (   D:12 [[}   Orc:1 *

Portals:
Trove: D:12 (give +8 demon trident)

Annotations:
D:3 Grinder
D:11 3 runed translucent doors, Veteran's ghost, journeyman DECj; twist's ghost, journeyman PaDe
D:12 Trove
D:13 3 runed translucent doors, 1994's ghost, journeyman HuBe; Rosendail's ghost, journeyman GrEE; confidenceinterval's ghost, journeyman GnMo
Lair:4 2 transporters, 1 exclusion, Zamiunan's ghost, journeyman GrMo
Lair:5 exclusion: 2 oklob plants


Innate Abilities, Weirdness & Mutations

You are too large for most types of armour.
You have tough skin. (AC +1)
Your life essence is reduced to manifest your ancestor. (-10% HP)


Message History

The necromancer is drained by nostalgia.
The sun demon is drained by nostalgia.
The sixfirhy is drained by nostalgia.
The apocalypse crab is drained by nostalgia.
The balrug is drained by nostalgia.
The hell knight simulacrum is drained by nostalgia.
The wall freezes the sixfirhy.
You block the sixfirhy's attack.
The wall freezes the sixfirhy but do no damage.
The sixfirhy hits you but does no damage.
The wall freezes the sixfirhy.
You block the sixfirhy's attack.
The blink frog blinks!
The sun demon is frozen!
The wall freezes the sun demon.
The sun demon hits you.
* * * LOW HITPOINT WARNING * * *
You are engulfed in flames.
You resist.
* * * LOW HITPOINT WARNING * * *
You block the red devil's attack.
The blink frog barely misses the hell knight simulacrum.
The wall freezes the sixfirhy.
The sixfirhy hits you!
* * * LOW HITPOINT WARNING * * *
The sixfirhy shocks you!
You die...

#... ..'.###
#.. .[. .
#8...8.... # .
... # '......
... .
...#..∩......
. .# ### ))) p
# ###. .
###§###. .. #
#.FZ..#. #.
#p3.Z#..#
#@R2F.#.)?.
#33t#.........
..#2444H#. ...
...
..x#.m###...
.#.##..#k....
. . ..
#.##4..F. ..
#.# .## #...
.# ..


You could see the friendly Libusa the hexer, a balrug (summoned, drained), a
wind drake (summoned, repels missiles), 2 sun demons, a shadow demon, an orange
demon (summoned), an apocalypse crab (summoned, drained), a manticore
(summoned), an ice devil (summoned), a merfolk siren (summoned), a necromancer
(drained), a worldbinder, a sixfirhy (summoned, drained), 3 blink frogs, 2 red
devils, a hell knight simulacrum (drained) and a necromancer simulacrum
(confused).

Vanquished Creatures
  A tentacled starspawn (Abyss:3)
  An orc warlord (Orc:1)
  A minotaur (Gauntlet)
  6 vault guards (D:13)
  A catoblepas (Lair:6)
  2 boulder beetles
  A two-headed ogre (D:9)
  5 hydras
  6 death yaks
  A deep troll shaman (Lair:6)
  A tengu warrior (D:14)
  An orc high priest (Orc:1)
  3 hell knights (Abyss:3)
  A death drake (Gauntlet)
  An orc knight (D:9)
  4 necromancers
  A lindwurm (Lair:6)
  An ugly thing (D:14)
  A cyclops (D:12)
  2 deep elf magi
  5 elephants
  5 black mambas
  Maggie (D:7)
  Maurice (D:13)
  A minotaur zombie (Gauntlet)
  5 cane toads
  7 komodo dragons
  3 polar bears
  A hornet (D:9)
  A slime creature (Lair:5)
  10 blink frogs
  4 wyverns
  A wraith (D:13)
  A vampire (D:14)
  4 basilisks
  44 yaks
  4 wargs
  4 swamp worms (Lair:4)
  A soldier ant (D:9)
  9 water moccasins
  19 orc warriors
  3 phantoms
  3 sky beasts
  A spectral hornet (Gauntlet)
  3 black bears
  2 ice beasts
  8 ogres
  9 wolves
  5 centaurs
  A big kobold (D:9)
  17 bullfrogs
  2 wyvern zombies
  A small abomination (Abyss:3)
  2 scorpions
  5 killer bees (D:11)
  15 wights
  3 spriggan skeletons (D:10)
  A troll skeleton (D:10)
  3 electric eels (D:10)
  A howler monkey (D:12)
  3 centaur zombies
  2 quasits (D:9)
  A bullfrog zombie (D:8)
  7 hounds
  5 jellies
  4 bullfrog skeletons
  8 orc priests
  A gnoll shaman (D:7)
  15 orc wizards
  3 iguanas
  Natasha (thrice) (D:3)
  8 worker ants
  2 hound skeletons
  9 gnolls
  20 adders
  2 white imps
  An ufetubus (D:10)
  12 oozes
  2 worms (D:4)
  A dart slug (D:1)
  17 leopard geckos
  64 orcs
  15 ball pythons
  17 giant cockroaches
  8 goblins
  2 hobgoblins (D:1)
  14 jackals
  19 kobolds
  3 quokkas
  6 bats
  14 frilled lizards
  A jackal skeleton (D:2)
  A quokka skeleton (D:5)
  15 rats
  A spectral orc (D:5)
563 creatures vanquished.

Vanquished Creatures (collateral kills)
  A dire elephant (Gauntlet)
  4 hydras
  A vault guard (D:13)
  2 boulder beetles (D:12)
  A hell knight (Abyss:3)
  A black mamba (Lair:5)
  A rime drake (Lair:6)
  4 cane toads
  A minotaur zombie (Gauntlet)
  2 komodo dragons
  2 polar bears
  2 blink frogs (Lair:6)
  9 yaks
  A warg (D:13)
  4 water moccasins
  An ice beast (D:10)
  An ogre (Orc:1)
  11 wolves
  A black bear (Lair:6)
  2 centaurs
  A big kobold (D:9)
  3 bullfrogs
  2 spriggan skeletons (D:10)
  2 wights (D:11)
  An electric eel (Lair:4)
  A jelly (Lair:5)
  2 orc priests
  2 bullfrog skeletons (D:9)
  An orc wizard (Orc:1)
  A bullfrog simulacrum (D:10)
  A white imp (D:10)
  A worker ant simulacrum (D:10)
  5 oozes (Lair:5)
  8 orcs
  A kobold (D:9)
  A butterfly (Lair:1)
85 creatures vanquished.

Vanquished Creatures (others)
  5 ancestors
  11 hexers
  7 foxfires
  39 fungi
  27 plants
  2 starspawn tentacles (Abyss:3)
  6 withered plants (D:11)
97 creatures vanquished.

Grand Total: 745 creatures vanquished

Notes
Turn   | Place    | Note
-------+----------+-------------------------------------------
     0 | D:1      | OrDronus the Ogre Ice Elementalist began the quest for the
                  | Orb.
     0 | D:1      | Reached XP level 1. HP: 16/16 MP: 3/3
   334 | D:1      | Reached XP level 2. HP: 26/26 MP: 5/5
   582 | D:1      | Reached skill level 1 in Fighting
   655 | D:1      | Reached skill level 4 in Ice Magic
   993 | D:1      | Reached XP level 3. HP: 33/33 MP: 7/7
  1667 | D:2      | Learned a level 3 spell: Frozen Ramparts
  2023 | D:2      | Found a stormy altar of Qazlal.
  2028 | D:2      | Reached XP level 4. HP: 33/41 MP: 1/8
  2982 | D:3      | Learned a level 3 spell: Ozocubu's Armour
  3030 | D:3      | Reached skill level 1 in Maces & Flails
  3156 | D:3      | Reached XP level 5. HP: 31/49 MP: 3/9
  3408 | D:3      | Noticed Natasha
  3413 | D:3      | Killed Natasha
  3446 | D:3      | Noticed Natasha
  3454 | D:3      | Killed Natasha
  3634 | D:3      | Noticed Natasha
  3653 | D:3      | Killed Natasha
  3780 | D:3      | Reached XP level 6. HP: 51/59 MP: 5/11
  3838 | D:3      | Noticed Grinder
  3879 | D:4      | Found a glowing drain.
  3894 | Sewer    | Entered a sewer
  3960 | Sewer    | Reached skill level 5 in Ice Magic
  4359 | Sewer    | Reached XP level 7. HP: 56/67 MP: 8/12
  4941 | D:4      | Found a shimmering altar of Xom.
  5445 | D:4      | Reached skill level 6 in Ice Magic
  5445 | D:4      | Reached XP level 8. HP: 22/79 MP: 9/14
  6165 | D:5      | Entered Level 5 of the Dungeon
  6491 | D:5      | Found a radiant altar of Vehumet.
  6796 | D:5      | Found Oruoh's Antique Weapon Shoppe.
  7047 | D:5      | Reached skill level 5 in Fighting
  7205 | D:5      | Found a basalt altar of Yredelemnul.
  7408 | D:6      | Reached skill level 5 in Spellcasting
  7675 | D:6      | Found a basalt altar of Yredelemnul.
  7704 | D:6      | Found the +2 cloak of the Thief {*Fog Slay-2 SInv Stlth+}
  8145 | D:6      | Reached skill level 7 in Ice Magic
  8145 | D:6      | Reached XP level 9. HP: 64/89 MP: 13/17
  8563 | D:6      | Found a staircase to the Ecumenical Temple.
  8569 | Temple   | Entered the Ecumenical Temple
  8700 | Temple   | Became a worshipper of the Shining One
  8956 | D:7      | Noticed Maggie
  9850 | D:7      | Killed Maggie
 10075 | D:7      | Found a sacrificial altar of Ru.
 10077 | D:7      | Found a burning altar of Makhleb.
 10109 | D:7      | Fell from the grace of the Shining One
 10109 | D:7      | Became a worshipper of Ru the Awakened
 10140 | D:7      | Found an opulent altar of Gozag.
 10428 | D:8      | Reached skill level 5 in Dodging
 10697 | D:8      | Reached skill level 8 in Ice Magic
 11539 | D:8      | Reached XP level 10. HP: 84/102 MP: 13/19
 11580 | D:8      | Reached skill level 1 in Armour
 11856 | D:8      | Found a shadowy altar of Dithmenos.
 11859 | D:8      | Found a blossoming altar of Fedhas.
 11862 | D:8      | Found a shimmering blue altar of Sif Muna.
 11971 | D:8      | Found a glowing golden altar of the Shining One.
 12257 | D:8      | Reached skill level 5 in Maces & Flails
 12403 | Temple   | Fell from the grace of Ru
 12403 | Temple   | Became a worshipper of Hepliaklqana the Forgotten
 12564 | D:9      | Reached skill level 1 in Shields
 12600 | D:9      | Reached skill level 9 in Ice Magic
 12948 | D:9      | Found a staircase to the Orcish Mines.
 12954 | D:9      | Found a roughly hewn altar of Beogh.
 13061 | D:9      | Got an ichor-stained robe
 13075 | D:9      | Noticed a two-headed ogre
 13102 | D:9      | Killed a two-headed ogre
 13212 | D:9      | Reached * piety under Hepliaklqana
 13579 | D:9      | Reached XP level 11. HP: 101/101 MP: 16/22
 14065 | D:10     | Entered Level 10 of the Dungeon
 15732 | D:10     | Identified the cursed +0 robe of Apathy {rF+ Str+2} (You
                  | found it on level 9 of the Dungeon)
 16038 | D:11     | Reached ** piety under Hepliaklqana
 16048 | D:11     | Remembered your ancestor Libusa as a hexer
 16132 | D:11     | Noticed a deep elf mage
 16146 | D:11     | Killed a deep elf mage
 16221 | D:11     | You fall into a shaft and drop 3 floors!
 16221 | D:14     | Noticed a cyan ugly thing
 16237 | D:14     | Noticed a cyan ugly thing
 16429 | D:14     | Noticed a cyan ugly thing
 16429 | D:14     | Noticed a white ugly thing
 16429 | D:14     | Noticed a tengu warrior
 16429 | D:14     | Noticed a white ugly thing
 16429 | D:14     | Noticed a cyan ugly thing
 16429 | D:14     | Noticed a cyan ugly thing
 16474 | D:14     | Killed a cyan ugly thing
 16475 | D:14     | Reached skill level 10 in Fighting
 16476 | D:14     | Killed a tengu warrior
 16477 | D:14     | Reached skill level 10 in Ice Magic
 16726 | D:13     | Noticed an eight-headed hydra
 16740 | D:13     | Killed an eight-headed hydra
 16832 | D:13     | Noticed an eight-headed hydra
 16847 | D:13     | Killed an eight-headed hydra
 16848 | D:13     | Reached skill level 5 in Shields
 16974 | D:13     | Reached *** piety under Hepliaklqana
 17080 | D:13     | Found a runed translucent gate.
 17080 | D:13     | Found a runed translucent gate.
 17080 | D:13     | Found a runed translucent gate.
 17082 | D:13     | Found an ancient bone altar of Kikubaaqudgha.
 17082 | D:13     | Noticed a lich
 17082 | D:13     | Noticed a lich
 17082 | D:13     | Noticed 1994's ghost (journeyman HuBe)
 17082 | D:13     | Noticed confidenceinterval's ghost (journeyman GnMo)
 17124 | D:12     | Noticed a boulder beetle
 17131 | D:12     | Killed a boulder beetle
 17132 | D:12     | Reached XP level 12. HP: 88/115 MP: 16/24
 17433 | D:12     | Found Wimean's Gadget Boutique.
 17446 | D:12     | Found Qoicruxt's Armour Boutique.
 17462 | D:12     | Noticed a boulder beetle
 17500 | D:12     | Killed a boulder beetle
 17571 | D:12     | Found Cawnoirgh's Armour Boutique.
 17957 | D:11     | Learned a level 4 spell: Hailstorm
 17980 | D:11     | Found a staircase to the Lair.
 18311 | D:11     | Found a runed translucent gate.
 18311 | D:11     | Found a runed translucent gate.
 18311 | D:11     | Found a runed translucent gate.
 18324 | D:11     | Noticed twist's ghost (journeyman PaDe)
 18324 | D:11     | Noticed Veteran's ghost (journeyman DECj)
 18791 | D:12     | Noticed a boulder beetle
 18822 | D:12     | Killed a boulder beetle
 18823 | D:12     | Reached skill level 1 in Conjurations
 19131 | D:12     | Reached **** piety under Hepliaklqana
 19200 | D:12     | Found a portal to a secret trove of treasure.
 19305 | D:13     | Noticed Maurice
 19318 | D:13     | Killed Maurice
 19357 | D:13     | Found the +7 Kryia's mail coat {PotionHeal*2 rC+}
 19841 | D:13     | Found a gate to the Vaults.
 19841 | D:13     | Noticed a vault guard
 19841 | D:13     | Noticed a vault guard
 19841 | D:13     | Noticed a vault guard
 19841 | D:13     | Noticed a vault guard
 19842 | D:13     | Noticed a vault guard
 19842 | D:13     | Noticed a vault guard
 19926 | D:13     | Killed a vault guard
 19937 | D:13     | Killed a vault guard
 19937 | D:13     | Killed a vault guard
 20117 | D:13     | Killed a vault guard
 20171 | D:13     | Killed a vault guard
 20172 | D:13     | Reached skill level 11 in Ice Magic
 20301 | D:13     | Noticed Rosendail's ghost (journeyman GrEE)
 20345 | D:13     | Noticed a vault guard
 20359 | D:13     | Killed a vault guard
 20428 | D:13     | Killed a vault guard
 20429 | D:13     | Reached XP level 13. HP: 123/123 MP: 19/25
 20514 | Lair:1   | Entered Level 1 of the Lair of Beasts
 20675 | Lair:1   | Reached skill level 5 in Conjurations
 20684 | Lair:1   | Reached ***** piety under Hepliaklqana
 20864 | Lair:1   | Found a gate leading to a gauntlet.
 20873 | Gauntlet | Entered a Gauntlet
 20873 | Gauntlet | Found a transporter.
 20873 | Gauntlet | Found a transporter.
 20873 | Gauntlet | Found a runed translucent door.
 20880 | Gauntlet | Found a transporter.
 20894 | Gauntlet | Found a transporter.
 20895 | Gauntlet | Found the +0 pair of fencer's gloves {Riposte Dex+3}
 20910 | Gauntlet | Noticed a dire elephant
 20911 | Gauntlet | Found a transporter.
 20911 | Gauntlet | Found a transporter.
 20912 | Gauntlet | Found a transporter.
 20915 | Gauntlet | Found a transporter.
 20915 | Gauntlet | Found a transporter.
 20928 | Gauntlet | Found a transporter.
 20947 | Gauntlet | Found a transporter.
 20953 | Gauntlet | Found a runed translucent gate.
 20954 | Gauntlet | Found a transporter.
 20954 | Gauntlet | Found a runed translucent gate.
 20955 | Gauntlet | Found a runed translucent gate.
 20968 | Gauntlet | Found a transporter.
 20988 | Gauntlet | Found a transporter.
 20994 | Gauntlet | Found a runed translucent door.
 21060 | Gauntlet | Got a warped platinum ring
 21280 | Gauntlet | Identified the ring of Beauty {rF+ Stlth+} (You found it in
                  | a Gauntlet)
 21350 | Gauntlet | Killed a dire elephant
 21351 | Gauntlet | Reached skill level 1 in Invocations
 21883 | Gauntlet | Got an ancient lead amulet
 21903 | Gauntlet | Identified the cursed +0 hand axe of Plog {freeze, MR+
                  | SInv}
 21903 | Gauntlet | Noticed a minotaur
 21913 | Gauntlet | Killed a minotaur
 22252 | Lair:1   | Identified the amulet "Suonev" {Faith Int+4} (You found it
                  | in a Gauntlet)
 22647 | Lair:2   | Found a hole to the Spider Nest.
 24552 | Lair:3   | Learned a level 3 spell: Conjure Flame
 25274 | Lair:4   | Reached XP level 14. HP: 122/131 MP: 16/26
 25888 | Lair:4   | Learned a level 1 spell: Foxfire
 25953 | Lair:4   | Found a transporter.
 25958 | Lair:4   | Noticed Zamiunan's ghost (journeyman GrMo)
 25988 | Lair:4   | Found a transporter.
 27702 | Lair:5   | Reached skill level 5 in Invocations
 28367 | Lair:6   | Entered Level 6 of the Lair of Beasts
 28778 | Lair:6   | Reached skill level 12 in Ice Magic
 28874 | Lair:6   | Got a jewelled glaive
 28950 | Lair:6   | Learned a level 4 spell: Summon Ice Beast
 29159 | Lair:6   | Reached skill level 1 in Summonings
 30232 | Orc:1    | Entered Level 1 of the Orcish Mines
 30504 | Orc:1    | Found Geatuo's Assorted Antiques.
 30504 | Orc:1    | Noticed an orc warlord
 30526 | Orc:1    | Killed an orc warlord
 30527 | Orc:1    | Reached XP level 15. HP: 113/138 MP: 15/28
 30787 | Orc:1    | Found a roughly hewn altar of Beogh.
 30890 | D:9      | Identified the +5 glaive "Jellyslayer" {distort, *Drain
                  | rElec MR- Str+5} (You found it on level 6 of the Lair of
                  | Beasts)
 30893 | D:9      | Cast into level 3 of the Abyss (unwielding a weapon of
                  | distortion)
 30900 | Abyss:3  | Upgraded the game from 0.26-a0-845-gfacbca91cf to
                  | 0.26-a0-849-gf1512cd430
 30905 | Abyss:3  | Reached ****** piety under Hepliaklqana
 30911 | Abyss:3  | Noticed a tentacled starspawn
 30922 | Abyss:3  | Killed a tentacled starspawn
 30930 | Abyss:3  | Learned a level 6 spell: Freezing Cloud
 30967 | Abyss:3  | Noticed a balrug
 30971 | Abyss:3  | Slain by a sixfirhy

Illustrated notes

Levels and vault maps discovered:
D:1:      dpeg_arrival_rooms_a, layout_basic, kennysheep_crisscross,
          corner_web_ring, minmay_pentomino_p4
D:2:      layout_loops_ring, nicolae_overflow_crystal_walls,
          minmay_misc_feat_rugged
D:3:      layout_basic, tgw_trog, uniq_grinder, uniq_natasha
D:4:      layout_loops_ring, general_overflow_altar,
          cheibrodos_sewer_entry_sluice
D:5:      layout_basic, overflow_temple_1_default,
          yredelemnul_forgotten_temple_becter, serial_shops, shop
D:6:      layout_basic, minmay_temple_entry_enclosed_plants, basic_altar,
          st_stairs_3
D:7:      layout_rooms, chequers_temple_overflow_statue_of_worship,
          old_standard_altar, hangedman_decor_clover_reticule, uniq_maggie
D:8:      minmay_razor_zed, layout_loops_ring, grunt_temple_overflow_diamond,
          basic_altar
D:9:      layout_stronghold, minmay_orc_entry_temple_small,
          hangedman_pestilent_swarm
D:10:     layout_rooms, serial_ice, serial_ice_d, serial_ice_g, serial_ice_j,
          serial_ice_a, serial_ice_c, serial_ice_b, hangedman_tell_no_tales
D:11:     layout_gridville, grunt_lair_entry_orc_guard_hut,
          gammafunk_ghost_cemetery
D:12:     layout_roguey, serial_shops, shop, nicolae_shop_statue_plus,
          nicolae_shop_waterfront, trove_entry_hex_spiral
D:13:     layout_stronghold, erik_vaults_2, gammafunk_ghost_crypt,
          nooodl_orcs_dogs, uniq_maurice
D:14:     layout_layer_cave, portal_ice_cave_rime, serial_park_tiny_2
Temple:   nicolae_temple_x_marks_the_god
Lair:1:   layout_gridlike, gauntlet_entry_generic,
          grunt_forest_small_clearing_treed, grunt_megastairs_3,
          lemuel_fruit_fields
Lair:2:   layout_gridlike, dummy_spider_entry, minmay_hedge_maze
Lair:3:   layout_roguey, lemuel_fruit_tree
Lair:4:   layout_gridlike, nicolae_swamp_entry_splash_gauntlet,
          gammafunk_ghost_berserking_beasts, grunt_megastairs_5
Lair:5:   lemuel_slime, layout_long_grid, minmay_slime_entry_oklob_open,
          st_stairs_10, chequers_serial_rivers_micro_b
Lair:6:   grunt_lair_end_beastmaster, layout_misc_corridors
Orc:1:    layout_caves, serial_shops, nicolae_shop_stone, bh_open_orc_temple
Abyss:3:  base: Orc:1, evilmike_nicolae_abyss_rune_containment_curve, base:
Orc:1

Skill      XL: |  1  2  3  4  5  6  7  8  9 10 11 12 13 14 15 |
---------------+----------------------------------------------+-----
Dodging        | 2 3 4 5 6 7 8 |  8.5
Fighting       | 1 2 3 4 5 7 8 10 11 | 11.7
Ice Magic      | 4 5 6 7 8 9 10 11 12 | 12.2
Spellcasting   | 3 4 5 6 7 8 9 |  9.2
Maces & Flails | 1 2 3 4 5 6 7 8 9 |  9.5
Armour         | 1 |  1.1
Shields        | 3 5 6 7 8 |  8.9
Conjurations   | 4 7 8 |  8.4
Invocations    | 3 5 6 |  6.3
Summonings     | 2 3 |  3.4
Stealth        | |  1.4

Action                   |  1- 3 |  4- 6 |  7- 9 | 10-12 | 13-15 || total
-------------------------+-------+-------+-------+-------+-------++-------
Melee: Club              |    84 |    17 |       |       |       ||   101
       Mace              |       |   201 |   142 |       |       ||   343
       Morningstar       |       |       |   168 |   378 |   485 ||  1031
       Staff             |       |       |       |       |    23 ||    23
 Cast: Freeze            |    40 |    26 |    61 |    38 |    23 ||   188
       Frozen Ramparts   |     1 |    16 |    28 |    60 |    75 ||   180
       Ozocubu's Armour  |       |       |    17 |    49 |    25 ||    91
       Conjure Flame     |       |       |       |       |     5 ||     5
       Hailstorm         |       |       |       |       |    22 ||    22
       Foxfire           |       |       |       |       |     4 ||     4
       Summon Ice Beast  |       |       |       |       |     1 ||     1
Invok: Recall Ancestor   |       |       |       |     5 |     2 ||     7
       Ancestor Identity |       |       |       |     1 |       ||     1
       Ancestor Life: He |       |       |       |     1 |       ||     1
       Idealise          |       |       |       |       |     1 ||     1
       Transference      |       |       |       |       |     1 ||     1
  Use: Scroll            |       |     3 |     3 |     1 |    18 ||    25
       Potion            |       |       |       |     2 |     6 ||     8
 Stab: Sleeping          |     1 |       |     2 |       |     1 ||     4
       Distracted        |       |       |       |     2 |     4 ||     6
       Confused          |       |       |       |     4 |     3 ||     7
Armor: Robe              |    32 |    69 |    73 |    30 |    74 ||   278
       Acid dragon scale |       |       |    40 |   145 |    72 ||   257
Dodge: Dodged            |    54 |   147 |   219 |   186 |   253 ||   859
Block: Kite shield       |       |       |       |   129 |   316 ||   445

Table legend: (Time is in decaauts)
 A = Elapsed time spent in this place.
 B = Non-inter-level travel time spent in this place.
 C = Inter-level travel time spent in this place.
 D = Time resting spent in this place.
 E = Time spent auto-exploring this place.
 F = Levels seen in this place.
 G = Mean time per level.
                   A        B        C        D        E       F      G
               +--------+--------+--------+--------+--------+-----+--------+
         Total |  31446 |  30336 |   1110 |   4228 |  18009 |  25 | 1257.8 |
       Dungeon |  20202 |  19355 |    847 |   3182 |  11477 |  14 | 1443.0 |
        Temple |    157 |    156 |      1 |      0 |      0 |   1 |  157.0 |
          Lair |   8598 |   8354 |    244 |    640 |   5830 |   6 | 1433.0 |
  Orcish Mines |    480 |    463 |     17 |      0 |    175 |   1 |  480.0 |
         Abyss |     78 |     78 |      0 |      0 |     10 |   1 |   78.0 |
         Sewer |    809 |    809 |      0 |      0 |    277 |   1 |  809.0 |
      Gauntlet |   1120 |   1120 |      0 |    406 |    240 |   1 | 1120.0 |
               +--------+--------+--------+--------+--------+-----+--------+

Top non-repeatable levels by time:
     D:8: 2014 daAuts
  Lair:5: 1968 daAuts
    D:10: 1894 daAuts
    D:13: 1852 daAuts
     D:9: 1748 daAuts
     D:6: 1713 daAuts
  Lair:6: 1704 daAuts
     D:1: 1666 daAuts
     D:4: 1512 daAuts
  Lair:3: 1473 daAuts
  Lair:4: 1442 daAuts
     D:7: 1366 daAuts
    D:12: 1312 daAuts
     D:3: 1274 daAuts
    D:11: 1230 daAuts
